 Dungeon Crawl Stone Soup version 0.27-a0-1049-g450f9b2e0d (webtiles) character file.

Game seed: 3158512013378399905

44 tilp the Sneak (level 3, 0/19 HPs)
             Began as a Vine Stalker Brigand on Apr 20, 2021.
             Killed from afar by Natasha (1 damage)
             ... with a magic dart
             ... on level 2 of the Dungeon.
             The game lasted 00:03:13 (1840 turns).

tilp the Sneak (Vine Stalker Brigand)               Turns: 1840, Time: 00:03:13

Health: 0/19       AC:  7    Str: 11 (13) XL:     3   Next: 62%
Magic:  0/4        EV:  8    Int: 10 (11) God:
Gold:   88         SH:  0    Dex: 14 (16) Spells: 2/2 levels left

rFire    . . .     SeeInvis .   a - +2 dagger
rCold    . . .     Faith    .   (no shield)
rNeg     . . .     Spirit   +   j - +0 scale mail
rPois    +         Reflect  .   (no helmet)
rElec    .         Harm     .   c - +0 cloak
rCorr    .         Rampage  .   (no gloves)
Will     .....                  (no boots)
Stlth    +.........             (no amulet)
HPRegen  0.06/turn              (no ring)
MPRegen  0.09/turn              (no ring)

@: no status effects
A: fangs 2, magic shield, antimagic bite, no potion heal 2, sense surroundings
1, poison resistance
a: no special abilities


You were on level 2 of the Dungeon.
You visited 1 branch of the dungeon, and saw 2 of its levels.

You collected 88 gold pieces.

Inventory:

Hand Weapons
 a - a +2 dagger (weapon)
 b - a +0 dagger of venom
Missiles
 d - 8 poisoned darts (quivered)
 e - 2 curare-tipped darts {!f}
Armour
 c - a +0 cloak (worn)
 h - a +0 ring mail
 j - a +0 scale mail (worn)
Scrolls
 f - a scroll of enchant weapon {unknown}
 g - a scroll of amnesia {unknown}
 i - 2 scrolls of noise {unknown}
 k - a scroll of fear {unknown}


   Skills:
 + Level 2.7 Fighting
 + Level 2.7 Short Blades
 - Level 1.7 Throwing
 - Level 0.7 Dodging
 - Level 4.8 Stealth


You had 2 spell levels left.
You didn't know any spells.
Your spell library was empty.

Dungeon Overview and Level Annotations

Branches:
Dungeon (2/15)

Altars:

Annotations:
D:2 Natasha


Innate Abilities, Weirdness & Mutations

You have extremely sharp teeth.
When hurt, damage is shared between your health and your magic reserves.
Your bite disrupts and absorbs the magic of your enemies.
Potions cannot restore your health.
You passively map a small area around you.
Your system is resistant to poisons. (rPois)


Message History

Natasha casts a spell at you. The magic dart hits you.
Natasha is nearby!
Unknown command.
You start resting.
Natasha casts a spell.
Natasha barely misses you.
The crimson imp blinks!
You hit Natasha but do no damage. You hit Natasha.
Natasha is moderately wounded.
Natasha claws you.
The crimson imp blinks!
You hit Natasha. You bite Natasha, but do no damage.
Natasha is heavily wounded.
Natasha claws you!
* * * LOW HITPOINT WARNING * * *
The crimson imp summons a swarm of flies.
You hit Natasha but do no damage.
Natasha is heavily wounded.
Natasha barely misses you.
You hit Natasha.
Natasha is severely wounded.
Natasha barely misses you.
You hit Natasha but do no damage. You bite Natasha.
Natasha's magic leaks into the air.
You drain her magic.
You feel invigorated.
Natasha is severely wounded.
Natasha claws you but does no damage.
You hit Natasha but do no damage.
Natasha is severely wounded.
You hit Natasha.
Natasha is severely wounded.
Natasha claws you.
* * * LOW HITPOINT WARNING * * *
The crimson imp barely misses you.
Unknown command.
You aren't carrying any potions.
You closely miss Natasha.
Natasha is severely wounded.
Natasha casts a spell at you. The magic dart hits you.
You die...

* ######### #<......#
* #.......# * ,
#.......# , #.......#
, *##.......#
..####....[...####
........h........# ,
..h....##@.#####. ,
....#####5.##..# ,
,.#..##........## #
##..#.....#### *, ..
#.........## ,
......###......†...##
*.#
....................#
#.#
....>...............#
#.#
........#...........#
#.#


You could see Natasha and a crimson imp (summoned).

Vanquished Creatures
  An adder (D:2)
  2 worms (D:2)
  A dart slug (D:2)
  3 ball pythons
  5 endoplasms
  6 goblins
  3 quokkas (D:1)
  A bat (D:1)
  A frilled lizard (D:1)
  3 rats
26 creatures vanquished.

Notes
Turn   | Place    | Note
-------+----------+-------------------------------------------
     0 | D:1      | tilp the Vine Stalker Brigand began the quest for the Orb.
     0 | D:1      | Reached XP level 1. HP: 11/11 MP: 2/2
   323 | D:1      | Found a faded altar of an unknown god.
   457 | D:1      | You fall into a shaft and drop 1 floor!
   497 | D:2      | Reached XP level 2. HP: 2/15 MP: 0/3
   977 | D:2      | Gained mutation: You passively map a small area around you.
                  | [potion of mutation]
   977 | D:2      | Gained mutation: Your system is resistant to poisons.
                  | (rPois) [potion of mutation]
   982 | D:2      | HP: 1/24 [poisoned by a goblin]
  1471 | D:1      | Reached XP level 3. HP: 19/19 MP: 4/4
  1823 | D:2      | Noticed Natasha
  1840 | D:2      | Killed from afar by Natasha

Illustrated notes

Levels and vault maps discovered:
D:1:      doesnt_arrival_eight_statues, layout_loops_cross,
          shapermc_ecumenical_altar_venn
D:2:      layout_rooms, uniq_natasha

Skill      XL: |  1 |
---------------+----+-----
Fighting       | 2 |  2.7
Short Blades   | 2 |  2.7
Throwing       | |  1.7
Dodging        | |  0.7
Stealth        | |  4.8

Action                   || total
-------------------------++-------
Melee: Dagger            ||    75
       Bite              ||    16
Throw: Dart              ||     7
  Use: Potion            ||     4
 Stab: Sleeping          ||     6
       Distracted        ||     1
Armor: Robe              ||     6
       Scale mail        ||    12
Dodge: Dodged            ||    19

Table legend: (Time is in decaauts)
 A = Elapsed time spent in this place.
 B = Non-inter-level travel time spent in this place.
 C = Inter-level travel time spent in this place.
 D = Time resting spent in this place.
 E = Time spent auto-exploring this place.
 F = Levels seen in this place.
 G = Mean time per level.
                   A        B        C        D        E       F      G
               +--------+--------+--------+--------+--------+-----+--------+
         Total |   1841 |   1800 |     41 |    684 |    817 |   2 |  920.5 |
       Dungeon |   1841 |   1800 |     41 |    684 |    817 |   2 |  920.5 |
               +--------+--------+--------+--------+--------+-----+--------+

Top non-repeatable levels by time:
     D:2: 1082 daAuts
     D:1: 758 daAuts
